Map: Inside and Out

Players

NXZ - Winner!

  • Race: Zerg Zerg
  • Spawn Location: 1:00

Raza

  • Race: Terran Terran
  • Spawn Location: 7:00

Event: DreamHack SC2 Masters 2022 Atlanta (Online)

VOD

Have the link to the VOD?

Description

Time

  • Played on: Sept. 28, 2022, 5:34 a.m.
  • Length: 19:25

All games in this series

Show
View Real Time Build Order
Export as new Build Order

NXZ Zerg - Winner!

Build Orders: Hatch First, Lurkers 

Get SALT Encoding   

  12  0:00  Drone  
  13  0:12  Overlord  
  13  0:16  Drone  
  14  0:31  Drone x2  
  16  0:48  Hatchery  
  15  0:51  Drone  
  15  0:54  Drone  
  17  0:58  Drone  
  18  1:08  Extractor  
  17  1:13  Spawning Pool  
  17  1:16  Drone  
  17  1:19  Drone  
  18  1:28  Drone  
  19  1:38  Drone  
  20  1:51  Drone  
  21  2:00  Queen x2  
  21  2:01  Zergling x4  
  27  2:11  Overlord  
  27  2:12  Drone  
  28  2:21  Hatchery  
  27  2:23  Drone  
  28  2:32  Drone  
  28  2:33  Drone  
  28  2:35  Drone  
  31  2:39  Queen  
  31  2:43  Overlord  
  33  2:48  Metabolic Boost  
  33  2:51  Drone  
  34  2:53  Drone  
  36  2:58  Drone  
  36  3:04  Overlord  
  36  3:06  Queen  
  36  3:10  Drone x2  
  36  3:12  Drone  
  41  3:15  Drone  
  42  3:21  Drone x2  
  42  3:26  Drone  
  45  3:32  Overlord  
  45  3:34  Queen  
  45  3:35  Queen  
  45  3:38  Zergling x2  
  45  3:39  Zergling x2  
  45  3:40  Zergling x2  
  52  3:46  Queen  
  52  3:48  Drone  
  55  3:49  Drone  
  55  3:51  Drone  
  55  3:52  Drone  
  55  3:54  Drone  
  59  3:57  Drone  
  59  3:58  Drone  
  59  3:59  Drone  
  59  4:02  Overlord  
  62  4:04  Drone  
  62  4:06  Drone  
  64  4:15  Queen  
  66  4:20  Queen  
  66  4:23  Drone x4  
  66  4:24  Drone  
  73  4:25  Lair  
  73  4:28  Spore Crawler  
  73  4:30  Spore Crawler  
  71  4:31  Drone  
  71  4:34  Spore Crawler  
  71  4:36  Baneling Nest  
  71  4:38  Drone, Extractor  
  71  4:44  Drone x4  
  74  4:46  Overlord  
  74  4:56  Hatchery  
  73  5:03  Drone  
  73  5:05  Zergling x12  
  80  5:09  Overlord  
  80  5:10  Drone x2  
  80  5:12  Overlord  
  80  5:13  Spore Crawler  
  81  5:15  Overlord  
  81  5:25  Zergling x10  
  81  5:34  Drone x9  
  81  5:35  Centrifugal Hooks  
  87  5:41  Drone x2  
  89  5:44  Overseer  
  89  5:45  Drone  
  89  5:46  Evolution Chamber  
  89  5:47  Evolution Chamber  
  88  5:50  Drone  
  88  5:53  Drone, Extractor x2  
  88  5:54  Hatchery  
  87  5:57  Drone  
  88  6:05  Drone x6  
  88  6:07  Extractor  
  88  6:08  Drone x6  
  97  6:12  Overseer  
  97  6:14  Zerg Ground Armor Level 1, Zerg Melee Weapons Level 1  
  96  6:24  Drone x5  
  96  6:25  Drone  
  102  6:26  Drone  
  102  6:32  Overlord  
  103  6:41  Zergling x16  
  103  6:44  Hydralisk Den  
  103  6:46  Baneling  
  103  6:47  Baneling x9, Overlord x2  
  110  6:49  Overlord x2  
  110  6:57  Overseer  
  110  7:00  Zergling x10  
  110  7:01  Zergling x2  
  116  7:04  Hatchery  
  115  7:10  Zergling x22  
  115  7:12  Pneumatized Carapace  
  126  7:17  Muscular Augments  
  119  7:31  Hydralisk x7  
  119  7:32  Drone  
  119  7:33  Drone x5  
  136  7:49  Infestation Pit  
  135  7:51  Zergling x8, Extractor  
  135  7:52  Zergling x24  
  135  7:53  Overlord x3  
  135  7:57  Overlord x2  
  149  8:10  Extractor  
  148  8:13  Drone x3  
  148  8:14  Spore Crawler x2  
  148  8:15  Drone x3  
  148  8:17  Zergling x16, Spore Crawler  
  148  8:18  Spore Crawler  
  158  8:20  Zerg Melee Weapons Level 2, Zerg Ground Armor Level 2  
  158  8:28  Hive  
  158  8:29  Zergling x12  
  158  8:32  Overlord  
  164  8:36  Grooved Spines  
  164  8:46  Baneling x13  
  164  9:00  Drone x2  
  164  9:01  Spore Crawler, Drone x3, Hatchery  
  164  9:02  Spore Crawler, Drone x2  
  168  9:03  Drone  
  168  9:04  Spore Crawler, Hydralisk x2, Baneling x7  
  168  9:05  Baneling  
  168  9:08  Zergling x2  
  168  9:09  Zergling x6  
  175  9:13  Lurker Den  
  174  9:21  Zergling x2  
  174  9:22  Zergling x22  
  183  9:42  Adrenal Glands  
  183  9:43  Viper x2  
  189  9:46  Zergling x14  
  189  9:48  Overlord x2  
  189  9:49  Overseer  
  181  10:05  Hatchery  
  157  10:07  Hydralisk x8  
  157  10:12  Seismic Spines  
  157  10:22  Zergling x52  
  184  10:35  Zergling x8  
  184  10:36  Zergling x22  
  184  10:37  Baneling x3  
  184  10:40  Zerg Missile Weapons Level 1  
  198  10:45  Zerg Ground Armor Level 3  
  198  10:50  Baneling x10  
  198  10:55  Drone x2  
  200  10:58  Spore Crawler  
  200  10:59  Drone  
  200  11:00  Spore Crawler  
  200  11:02  Baneling x9  
  199  11:17  Zergling x14  
  165  11:35  Zergling x62  
  165  11:39  Zergling x10  
  177  11:40  Zergling x10  
  168  11:49  Zergling x16  
  168  11:50  Zergling x2  
  168  11:53  Hydralisk  
  177  11:56  Adaptive Talons  
  177  12:02  Baneling x2  
  177  12:03  Baneling x23, Overseer  
  177  12:14  Zergling x12  
  183  12:20  Hatchery  
  145  12:33  Zergling x40  
  146  12:41  Zergling x20  
  145  12:49  Hydralisk x5  
  148  12:56  Drone x4  
  148  12:57  Drone x4  
  156  12:59  Baneling x8  
  156  13:00  Hydralisk  
  156  13:04  Zerg Melee Weapons Level 3  
  156  13:05  Overseer  
  139  13:15  Zergling x8  
  139  13:16  Zergling x20  
  145  13:20  Hydralisk x2  
  145  13:21  Hydralisk  
  151  13:33  Zergling x28  
  165  13:39  Zergling x12  
  165  13:52  Zergling x28  
  178  14:04  Zergling x32  
  193  14:12  Zerg Missile Weapons Level 2  
  191  14:19  Baneling x9  
  191  14:23  Zergling x24  
  146  14:41  Zergling x54  
  146  14:43  Zergling x6  
  158  14:49  Lurker x2  
  158  14:50  Baneling x14  
  158  14:51  Lurker x2  
  163  14:52  Lurker  
  157  15:00  Zergling x20  
  157  15:04  Overseer x2  
  166  15:11  Zergling x22  
  145  15:25  Hydralisk x8  
  155  15:42  Zergling x40  
  172  15:44  Baneling  
  172  15:45  Baneling x7  
  158  15:57  Zergling x2  
  158  15:58  Zergling x26  
  158  16:00  Baneling x6  
  151  16:12  Zergling x26  
  151  16:16  Viper x2  
  166  16:20  Baneling x11  
  166  16:27  Zergling x2  
  166  16:28  Zergling x18  
  166  16:31  Zerg Missile Weapons Level 3  
  176  16:39  Hydralisk x4  
  184  16:51  Overlord x3  
  184  16:52  Overseer  
  184  16:53  Zergling x14  
  191  16:55  Baneling x8  
  187  17:13  Zergling x28  
  199  17:15  Baneling  
  199  17:16  Baneling x3  
  182  17:51  Zergling x46  
  143  18:00  Zergling x18  
  143  18:01  Zergling x10  
  152  18:09  Zergling x24  
  155  18:13  Zergling x12  
  147  18:20  Zergling x4  
  147  18:21  Zergling x2  
  147  18:22  Zergling x2  
  147  18:24  Hydralisk x2  
  147  18:25  Hydralisk  
  145  18:28  Hydralisk x2  
  145  18:33  Hydralisk x4  
  156  18:34  Hydralisk x5  
  156  18:36  Baneling x21  
  168  18:43  Zergling x2  
  168  18:44  Zergling x12  
  168  18:46  Overseer x2  
  168  18:47  Overseer  
  175  18:49  Zergling x10  
  175  19:02  Zergling x2  
  175  19:03  Zergling x20  
Show
View Real Time Build Order
Export as new Build Order

Raza Terran 

Build Orders: Reaper Expand, Hellion Banshee 

Get SALT Encoding   

  12  0:00  SCV  
  13  0:12  SCV  
  14  0:17  Supply Depot  
  14  0:25  SCV  
  15  0:38  SCV  
  15  0:40  Barracks  
  16  0:47  Refinery  
  16  0:50  SCV  
  17  1:03  SCV  
  18  1:15  SCV  
  19  1:27  Orbital Command  
  19  1:30  Reaper  
  20  1:40  Command Center  
  20  1:47  Supply Depot  
  20  1:53  SCV  
  21  2:02  Marine  
  21  2:05  SCV  
  23  2:11  Factory  
  23  2:17  SCV  
  24  2:26  Barracks Reactor  
  24  2:31  SCV  
  25  2:41  Command Center  
  25  2:43  SCV  
  26  2:53  Orbital Command  
  26  2:55  SCV  
  27  3:02  Starport  
  27  3:07  Refinery  
  27  3:08  SCV  
  27  3:11  Hellion  
  30  3:16  Hellion  
  32  3:21  SCV  
  32  3:24  SCV  
  32  3:25  Barracks Tech Lab  
  34  3:33  SCV  
  35  3:36  Hellion, SCV  
  35  3:37  Hellion  
  40  3:45  SCV  
  41  3:50  Banshee  
  41  3:51  SCV  
  41  3:54  Orbital Command  
  45  3:58  Hellion  
  45  4:00  Hellion  
  45  4:01  Cloaking Field  
  49  4:03  SCV  
  49  4:04  SCV  
  51  4:12  Supply Depot  
  51  4:14  Barracks Tech Lab  
  51  4:16  SCV x2  
  53  4:23  Hellion x2  
  57  4:24  SCV  
  57  4:28  SCV  
  57  4:30  Supply Depot  
  59  4:33  SCV  
  59  4:34  Banshee  
  59  4:36  Marine  
  59  4:37  Orbital Command  
  64  4:41  Stimpack  
  64  4:43  SCV  
  64  4:45  SCV  
  66  4:55  SCV, Barracks  
  66  4:57  SCV  
  66  4:59  Barracks  
  68  5:00  Supply Depot, Factory Reactor  
  68  5:04  Engineering Bay, SCV  
  68  5:05  Engineering Bay  
  69  5:07  SCV  
  69  5:10  Refinery x2  
  69  5:11  SCV  
  71  5:15  Supply Depot  
  71  5:16  SCV  
  71  5:19  SCV  
  73  5:23  SCV  
  71  5:28  SCV  
  71  5:32  SCV  
  71  5:35  SCV, Marine  
  61  5:38  Terran Infantry Weapons Level 1  
  61  5:39  Terran Infantry Armor Level 1  
  61  5:40  SCV  
  62  5:42  Starport Reactor  
  62  5:44  SCV  
  62  5:46  Marine x2  
  62  5:47  SCV  
  66  5:52  SCV, Siege Tank  
  66  5:54  Barracks, Marine x3  
  66  5:56  Barracks  
  66  5:57  SCV  
  74  6:00  SCV  
  74  6:02  Refinery  
  74  6:03  Supply Depot  
  75  6:04  Bunker, SCV  
  75  6:08  Marine x2  
  75  6:09  SCV  
  79  6:12  SCV, Marine  
  79  6:17  SCV, Marine  
  79  6:18  Marine  
  84  6:21  Medivac x2, Combat Shield  
  84  6:22  SCV  
  89  6:26  Supply Depot, SCV, Marine x2  
  89  6:30  Marine  
  93  6:33  Siege Tank  
  93  6:35  Marine x2  
  93  6:37  SCV x2  
  93  6:38  SCV  
  101  6:40  Supply Depot  
  101  6:46  Barracks Reactor x2  
  101  6:49  SCV  
  101  6:50  Supply Depot, SCV, Marine  
  101  6:52  Factory  
  104  6:54  Armory  
  104  6:56  SCV  
  104  6:58  Marine  
  107  7:01  SCV  
  107  7:04  Marine  
  107  7:06  SCV  
  107  7:07  Siege Tank, Marine  
  107  7:08  Marine  
  114  7:10  SCV  
  114  7:15  Refinery  
  115  7:18  Medivac, Marine  
  115  7:19  Marine  
  115  7:22  Marine x2  
  119  7:32  Marine x2  
  119  7:33  SCV x2  
  119  7:36  Medivac  
  121  7:37  Command Center  
  121  7:41  Siege Tank  
  123  7:45  Marine x2  
  123  7:47  Factory Tech Lab  
  123  7:49  Supply Depot  
  125  7:52  Marine x5  
  125  7:53  SCV  
  125  7:57  Marine  
  125  7:58  Marine  
  133  8:01  Terran Infantry Armor Level 2, Terran Infantry Weapons Level 2  
  133  8:05  Marine x2  
  135  8:06  Supply Depot  
  135  8:10  Marine x2  
  135  8:11  Siege Tank  
  135  8:12  SCV  
  141  8:16  Marine x2  
  141  8:18  Medivac x2  
  141  8:19  Marine x2  
  149  8:25  Terran Vehicle Weapons Level 1  
  149  8:27  Supply Depot, Siege Tank, Marine  
  149  8:32  Supply Depot, Marine  
  149  8:33  Marine x2  
  156  8:36  Marine x2  
  156  8:39  Marine  
  157  8:47  SCV, Marine x3  
  161  8:48  Siege Tank  
  161  8:50  SCV, Marine  
  161  8:51  Medivac  
  161  8:52  Medivac  
  161  8:54  Marine x2  
  172  8:57  Missile Turret  
  172  9:00  Siege Tank  
  175  9:06  Marine x5  
  180  9:12  Planetary Fortress  
  180  9:16  Marauder, Marine  
  182  9:28  Siege Tank  
  182  9:30  Sensor Tower, Marine x2  
  187  9:35  Siege Tank  
  187  9:37  Marine  
  191  9:41  Marine  
  191  9:43  Barracks x2  
  191  9:44  Barracks, Marine  
  194  9:51  Missile Turret  
  194  9:53  Sensor Tower  
  176  10:00  Siege Tank  
  176  10:06  Marauder, Marine x3  
  172  10:07  Siege Tank  
  172  10:23  Terran Infantry Weapons Level 3  
  172  10:24  SCV  
  172  10:26  Refinery x2  
  172  10:28  Missile Turret  
  173  10:29  Command Center  
  173  10:32  Siege Tank  
  176  10:38  Marauder, Marine  
  176  10:39  Barracks Tech Lab x3  
  176  10:40  Terran Infantry Armor Level 3  
  179  10:45  Marine x3  
  182  10:50  SCV  
  182  10:52  Terran Vehicle Weapons Level 2  
  182  10:53  Marine x4  
  182  10:56  Marine  
  188  11:00  Marauder  
  188  11:03  Command Center  
  190  11:05  Concussive Shells  
  190  11:10  Ghost Academy  
  190  11:14  Siege Tank  
  190  11:16  Marine  
  190  11:17  Marauder  
  196  11:21  Marauder  
  195  11:26  Siege Tank  
  195  11:32  SCV  
  162  11:34  Marine x2  
  162  11:35  Marauder x2  
  162  11:37  Marine  
  136  11:41  Marine x3, Ghost  
  136  11:46  Ghost  
  136  11:47  Siege Tank  
  140  11:54  Marine x3  
  140  11:55  Ghost  
  140  11:59  SCV  
  146  12:02  Siege Tank  
  146  12:07  Ghost  
  151  12:08  Marine  
  151  12:10  Marauder  
  151  12:11  Marine  
  151  12:12  Marine  
  151  12:15  Ghost  
  156  12:21  Siege Tank  
  156  12:22  Missile Turret  
  161  12:23  Missile Turret  
  145  12:30  SCV  
  145  12:34  Siege Tank  
  139  12:42  Marine  
  139  12:43  Marauder  
  139  12:44  Marauder, Marine x2, Ghost  
  133  12:45  Marauder  
  133  12:47  Marine x2  
  133  12:50  Command Center  
  143  12:53  Siege Tank  
  143  12:54  Command Center  
  143  12:56  Personal Cloaking  
  143  12:58  Marine x2  
  148  13:03  Ghost  
  148  13:05  Ghost  
  150  13:06  Marauder  
  150  13:11  Siege Tank, Marine x2  
  150  13:12  Marine x3  
  151  13:13  Marauder, Marine  
  149  13:20  Command Center  
  149  13:21  Marine  
  149  13:22  Marine  
  151  13:27  Marauder  
  151  13:29  Marine x2  
  151  13:30  Marine  
  151  13:33  Marauder  
  158  13:34  Marauder  
  158  13:35  Marauder  
  158  13:39  Marine x2  
  162  13:48  Sensor Tower  
  162  13:49  Marauder, Marine, Siege Tank  
  162  13:50  Marine  
  162  13:53  Ghost  
  162  13:54  Marine  
  162  13:55  Marine, Ghost  
  173  13:56  Marauder, Marine  
  176  14:03  Siege Tank  
  176  14:05  Marine  
  176  14:07  Marine x2  
  176  14:09  Ghost  
  182  14:15  Marine  
  182  14:16  Marine  
  186  14:19  Marine  
  186  14:21  Siege Tank, Marine x2  
  191  14:36  Siege Tank  
  168  14:41  Ghost  
  168  14:44  Ghost  
  168  14:45  Marine x2  
  163  14:49  Marine  
  163  14:50  Marine  
  165  14:53  Siege Tank  
  165  14:56  Ghost  
  170  15:01  SCV  
  170  15:05  Marine, Ghost  
  170  15:06  Marine  
  153  15:17  Siege Tank, Marine, Marauder  
  153  15:20  SCV  
  134  15:21  Ghost  
  125  15:30  Siege Tank  
  125  15:31  Marine x2  
  125  15:32  Marine  
  125  15:33  Marine  
  132  15:39  Marine  
  132  15:40  Marine  
  132  15:41  Missile Turret  
  135  15:43  Marine  
  135  15:49  Marine  
  139  15:51  Marine  
  136  16:00  Orbital Command  
  136  16:01  Ghost  
  136  16:02  Marauder, Marine  
  141  16:07  Siege Tank  
  136  16:13  Marine, Ghost  
  136  16:17  Hi-Sec Auto Tracking  
  139  16:22  Neosteel Armor  
  139  16:26  Siege Tank  
  139  16:28  Ghost  
  144  16:33  Marine  
  144  16:34  Marauder  
  144  16:39  Ghost  
  147  16:41  Marine  
  147  16:42  Marauder  
  152  16:47  Siege Tank  
  152  16:49  Marine x3  
  158  16:58  Marine x2  
  158  16:59  Marauder x2  
  164  17:05  Marine, Ghost  
  164  17:06  Marine  
  166  17:11  Planetary Fortress  
  166  17:15  Marine x2  
  164  17:18  Marine x2  
  164  17:19  Marine  
  168  17:24  Ghost  
  168  17:25  Marine  
  171  17:32  Marine  
  171  17:34  Missile Turret x2  
  172  17:37  Missile Turret  
  172  17:38  Nuke  
  169  17:49  Siege Tank  
  169  17:50  Marine x2  
  169  17:51  Marauder  
  120  17:53  Marauder, Marine  
  120  17:55  Marauder, Marine x2  
  108  18:01  Siege Tank, Marine  
  108  18:04  Marine  
  112  18:12  Marauder, Marine  
  111  18:14  Marine  
  111  18:15  Marauder  
  111  18:18  Marine x2  
  112  18:20  Marine  
  112  18:21  Marine  
  112  18:26  Marine  
  108  18:28  Marine  
  110  18:35  Marine  
  110  18:38  Marine  
  110  18:39  Marine  
  113  18:43  Marine x2  
  113  18:44  Marine  
  112  18:48  Siege Tank x2  
  112  18:54  Ghost  
  120  19:02  Marine  
  121  19:06  Marine  
Tags
 
Add a new tag
Caveats
  • Supply blocks, unpowered buildings, or Contaminate may cause inaccurate times.
  • Supply counts are checked every 10 seconds.